 Dungeon Crawl Stone Soup version 0.29.1-15-g9cfb28693d (webtiles) character file.

Game seed: 5543838705958136743

2487 Wiggles the Cleaver (level 9, -5/70 HPs)
             Began as a Minotaur Berserker on Mar 31, 2023.
             Was a Priest of Trog.
             Shot with a sling bullet by Joseph (10 damage)
             ... on level 9 of the Dungeon.
             The game lasted 00:09:50 (6649 turns).

Wiggles the Cleaver (Minotaur Berserker)            Turns: 6649, Time: 00:09:51

Health: -5/70      AC:  9    Str: 33    XL:     9   Next: 27%
Magic:  8/8        EV:  9    Int:  4    God:    Trog [***...]
Gold:   510        SH:  0    Dex:  9    Spells: 8/8 levels left

rFire   . . .      SeeInvis .   r - +3 hand axe
rCold   . . .      Faith    .   (no shield)
rNeg    + . .      Spirit   .   t - +1 chain mail
rPois   .          Reflect  .   (helmet restricted)
rElec   .          Harm     .   (no cloak)
rCorr   .          Rampage  .   (no gloves)
Will    .....                   (no boots)
Stlth   ..........              (no amulet)
HPRegen 0.21/turn               k - ring of positive energy
MPRegen 0.11/turn               q - +6 ring of strength

@: confused, on berserk cooldown
A: horns 2, retaliatory headbutt
a: Renounce Religion, Berserk, Trog's Hand


You were on level 9 of the Dungeon.
You worshipped Trog.
Trog was most pleased with you.
You visited 1 branch of the dungeon, and saw 8 of its levels.

You collected 510 gold pieces.

Inventory:

Hand Weapons
 r - a +3 hand axe (weapon)
Armour
 t - a +1 chain mail (worn)
Jewellery
 b - a ring of protection from cold
 h - a +6 ring of intelligence
 k - a ring of positive energy (left hand)
 p - an amulet of magic regeneration
 q - a +6 ring of strength (right hand)
 s - a ring of poison resistance
Wands
 a - a wand of mindburst (27)
 n - a wand of flame (15)
 w - a wand of iceblast (3)
Scrolls
 c - a scroll of teleportation
 e - 4 scrolls of identify
 j - 2 scrolls of enchant armour
 o - 3 scrolls of amnesia
Potions
 d - 2 potions of might
 g - a potion of brilliance
 l - a potion of haste
 m - 5 potions of curing
 u - a potion of cancellation
 v - 2 potions of flight


   Skills:
 - Level 3.6 Fighting
 + Level 14.6 Axes
 - Level 2.4 Armour
 - Level 2.1 Dodging
 + Level 2.6 Stealth


You had 8 spell levels left.
You didn't know any spells.
Your spell library was empty.

Dungeon Overview and Level Annotations

Branches:
Dungeon (9/15)             Temple (0/1) D:5
   Lair: D:8-11         Orc: D:9-12

Altars:
Elyvilon
Hepliaklqana
Okawaru
Trog
Wu Jian

Shops:
D:1 (:!   D:3 [

Annotations:
D:9 Joseph


Innate Abilities, Weirdness & Mutations

You have a pair of horns on your head.
You reflexively headbutt those who attack you in melee.


Message History

HP restored.
b - a ring of protection from cold Joseph, a Mercenary comes into view.
He is wielding a +0 quarterstaff and carrying a wand of charming (7).
Joseph zaps a wand.
You easily resist.
Joseph unwields a +0 quarterstaff.
Joseph wields a +0 sling.
Joseph shoots a sling bullet.
The sling bullet barely misses you.
Joseph zaps a wand.
You easily resist.
Joseph zaps a wand.
Your will is overpowered!
You are confused.
Joseph shoots a sling bullet.
The sling bullet barely misses you.
You bump into the rock wall.
Joseph drinks a potion.
Joseph seems to speed up.
Joseph zaps a wand.
You easily resist.
You bump into the rock wall.
Joseph shoots a sling bullet.
The sling bullet hits you!
Joseph shoots a sling bullet.
The sling bullet barely misses you.
You feel yourself speed up.
You feel less confused.
Joseph shoots a sling bullet.
The sling bullet hits you!
Joseph unwields a +0 sling.
Joseph wields a +0 quarterstaff.
Joseph hits you with a +0 quarterstaff!
You're still recovering from your berserk rage.
Joseph zaps a wand.
You easily resist.
Joseph zaps a wand.
Your will is overpowered!
You are confused.
Joseph attacks as you move away! Joseph hits you with a +0 quarterstaff.
Joseph unwields a +0 quarterstaff.
Joseph wields a +0 sling.
Joseph shoots a sling bullet.
The sling bullet hits you!
* * * LOW HITPOINT WARNING * * *
You're too confused to move!
Joseph shouts, "I love to fight!
I love killing!"
Joseph shoots a sling bullet.
The sling bullet barely misses you.
Joseph zaps a wand.
You easily resist.
The now-empty wand crumbles to dust.
You're too confused to move!
Joseph says, "You must be punished!
Or...
I want to punish you!"
Joseph shoots a sling bullet.
The sling bullet hits you.
* * * LOW HITPOINT WARNING * * *
Joseph shoots a sling bullet.
The sling bullet barely misses you.
Joseph shoots a sling bullet.
The sling bullet hits you!
* * * LOW HITPOINT WARNING * * *
Joseph shoots a sling bullet.
The sling bullet hits you!
You die...

#≈#......#
+#≈#........
≈≈.........#
#..........#
###########.$........#
..........@..........#
.....................#
.....................#
.......@.(...........#
...................##
......########.....#
...... #.....# ......
#..†..# ......
#.....##### ....
#...._..... ....
#.........#
#.........#


You could see Joseph (fast).

Vanquished Creatures
  A hornet (D:9)
  Grinder (D:3)
  Sigmund (D:3)
  A water moccasin (D:7)
  The ghost of pkoi the Ruffian, an amateur TrGl (D:3)
  3 black bears
  A sky beast (D:6)
  3 centaurs
  A phantom (D:5)
  A kobold brigand (D:6)
  2 bullfrogs
  4 scorpions
  A gnoll bouda (D:5)
  3 hounds (D:6)
  3 jellies
  4 orc wizards
  Natasha (thrice) (D:3)
  8 gnolls
  5 adders
  2 white imps
  An ufetubus (D:6)
  3 worms
  3 dart slugs
  11 orcs
  3 ball pythons
  2 endoplasms
  3 giant cockroaches
  3 goblins
  7 hobgoblins
  7 jackals (D:2)
  7 kobolds
  A bat (D:3)
  4 frilled lizards
  6 rats
110 creatures vanquished.

Notes
Turn   | Place    | Note
-------+----------+-------------------------------------------
     0 | D:1      | Wiggles the Minotaur Berserker began the quest for the Orb.
     0 | D:1      | Reached XP level 1. HP: 19/19 MP: 0/0
   115 | D:1      | Reached skill level 4 in Axes
   253 | D:1      | Found a faded altar of an unknown god.
   294 | D:1      | Reached XP level 2. HP: 26/26 MP: 1/1
   365 | D:1      | Found Bushroemi's Distillery.
   376 | D:1      | Found Tunuerru's Book Emporium.
   519 | D:1      | Found Inehiuregh's Antique Weapon Shoppe.
  1471 | D:2      | Reached skill level 5 in Axes
  1475 | D:2      | Reached XP level 3. HP: 29/31 MP: 2/2
  1664 | D:2      | Reached ** piety under Trog
  2096 | D:3      | Found an iron altar of Okawaru.
  2191 | D:3      | Found a runed translucent door.
  2191 | D:3      | Noticed a bullfrog
  2209 | D:3      | Noticed pkoi's ghost (amateur TrGl)
  2212 | D:3      | Found Nukigub's Armour Shop.
  2262 | D:3      | Reached XP level 4. HP: 31/39 MP: 3/3
  2264 | D:3      | Reached skill level 6 in Axes
  2441 | D:3      | Noticed Grinder
  2451 | D:3      | Paralysed by Grinder for 5 turns
  2462 | D:3      | Killed Grinder
  2463 | D:3      | Reached skill level 8 in Axes
  2463 | D:3      | Reached skill level 1 in Stealth
  2463 | D:3      | Reached XP level 5. HP: 5/45 MP: 4/4
  2463 | D:3      | Reached XP level 6. HP: 6/51 MP: 5/5
  2774 | D:3      | Noticed Sigmund
  2781 | D:3      | Killed Sigmund
  2782 | D:3      | Reached skill level 9 in Axes
  2806 | D:3      | Noticed Natasha
  2813 | D:3      | Killed Natasha
  2957 | D:3      | Noticed Natasha
  2963 | D:3      | Killed Natasha
  2966 | D:3      | Noticed Natasha
  2974 | D:3      | Killed Natasha
  2975 | D:3      | Reached XP level 7. HP: 49/57 MP: 6/6
  3178 | D:3      | Killed pkoi's ghost
  3179 | D:3      | Reached skill level 10 in Axes
  4090 | D:5      | Entered Level 5 of the Dungeon
  4139 | D:5      | HP: 2/85 [gnoll/+0 halberd[a gnoll bouda] (5)]
  4435 | D:5      | Reached skill level 11 in Axes
  4456 | D:5      | Reached XP level 8. HP: 21/64 MP: 7/7
  4463 | D:5      | HP: 1/64 [orc/+2 trident of protection (10)]
  4853 | D:5      | Found a staircase to the Ecumenical Temple.
  4894 | D:5      | Found a bloodstained altar of Trog.
  5260 | D:6      | Reached skill level 12 in Axes
  5396 | D:6      | Found a white marble altar of Elyvilon.
  5408 | D:6      | Identified the +6 long sword of Generosity {speed, *Slow
                  | rElec rC+ Dex+3}
  5437 | D:6      | Reached *** piety under Trog
  5486 | D:6      | Found an ornate altar of the Wu Jian Council.
  5571 | D:6      | Reached skill level 13 in Axes
  6256 | D:7      | Reached XP level 9. HP: 70/70 MP: 8/8
  6306 | D:7      | Reached skill level 14 in Axes
  6582 | D:7      | You fall into a shaft and drop 2 floors!
  6584 | D:9      | Found a hazy altar of Hepliaklqana.
  6632 | D:9      | Noticed Joseph
  6649 | D:9      | Shot with a sling bullet by Joseph

Illustrated notes

Levels and vault maps discovered:
D:1:      lemuel_arrival_rhombus, layout_basic, serial_shops,
          nicolae_shop_window_shopping, nicolae_square_shop, shop,
          shapermc_ecumenical_altar_acropolis
D:2:      minmay_skewed_foursquare, layout_loops_cross
D:3:      layout_basic, okawaru_ov_weapons_minmay, ebering_ghost_sewer_d,
          serial_shops, shop, uniq_grinder, uniq_natasha, uniq_sigmund
D:4:      layout_cave_pods, minmay_liquid_box
D:5:      layout_rooms, mainiacjoe_overflow_small_starburst,
          minmay_temple_entry_butterflies
D:6:      layout_gridville, amcnicky_altar_gilded,
          mainiacjoe_overflow_cross_hatched, serial_park_tiny_1
D:7:      layout_cave_pools, mainiacjoe_overflow_alcove_2,
          mainiacjoe_overflow_six_doors_small, chequers_serial_rivers_micro_d,
          uniq_menkaure
D:9:      layout_irregular_city, overflow_temple_1_default,
          kennysheep_mini_moat, uniq_erolcha, uniq_erica, uniq_grum, uniq_joseph

Skill      XL: |  1  2  3  4  5  6  7  8  9 |
---------------+----------------------------+-----
Axes           | 4 5 8 9 11 13 14 | 14.6
Stealth        | 1 2 |  2.6
Fighting       | |  3.6
Armour         | |  2.4
Dodging        | |  2.1

Action                   |  1- 3 |  4- 6 |  7- 9 || total
-------------------------+-------+-------+-------++-------
Melee: Hand axe          |   101 |    38 |   189 ||   328
       Headbutt          |    12 |     8 |    31 ||    51
       Punch             |     1 |       |     4 ||     5
Invok: Berserk           |       |     2 |     3 ||     5
  Use: Scroll            |       |       |    11 ||    11
Armor: Scale mail        |    11 |       |       ||    11
       Ring mail         |    28 |    11 |    26 ||    65
       Chain mail        |       |       |    65 ||    65
Dodge: Dodged            |    53 |    10 |    96 ||   159
